 Dungeon Crawl Stone Soup version 0.26.1-11-gd32895ea62 (webtiles) character file.

Game seed: 13299828173144371368

304 Urokeeper the Covert (level 6, -3/44 HPs)
             Began as a Vampire Brigand on July 21, 2021.
             Was an Initiate of Dithmenos.
             Slain by a worker ant (4 damage)
             ... on level 5 of the Dungeon.
             The game lasted 00:52:52 (3813 turns).

Urokeeper the Covert (Vampire Brigand)              Turns: 3813, Time: 00:52:56

Health: -3/44      AC:  5    Str: 10    XL:     6   Next: 15%
Magic:  6/6        EV: 12    Int: 14    God:    Dithmenos [......]
Gold:   125        SH:  0    Dex: 17    Spells: 5/5 levels left

rFire    . . .     SeeInvis +   a - +2 dagger
rCold    . . .     Faith    .   (no shield)
rNeg     . . .     Spirit   .   g - +0 leather armour
rPois    .         Reflect  .   (no helmet)
rElec    .         Harm     .   c - +0 cloak
rCorr    .         Rampage  .   x - +0 pair of gloves
Will     .....                  (no boots)
Stlth    ++++......             (no amulet)
HPRegen  0.34/turn              (no ring)
MPRegen  0.10/turn              (no ring)

@: lethally poisoned (-3 -> -13), regenerating quickly
A: fangs 3, see invisible, unbreathing
a: Exsanguinate, Renounce Religion


You were on level 5 of the Dungeon.
You worshipped Dithmenos.
Dithmenos was noncommittal.
You visited 2 branches of the dungeon, and saw 6 of its levels.

You collected 125 gold pieces.

Inventory:

Hand Weapons
 a - a +2 dagger (weapon)
 z - a +2 spectral club
 A - a +2 war axe of venom
Missiles
 d - 6 poisoned darts (quivered)
 e - 2 curare-tipped darts
 j - 44 bolts
 m - 30 arrows
Armour
 b - a +0 robe
 c - a +0 cloak (worn)
 f - a cursed +0 scale mail
 g - a +0 leather armour (worn)
 i - a +0 chain mail
 w - a +1 ring mail of willpower
 x - a +0 pair of gloves (worn)
Jewellery
 n - an uncursed ring of see invisible {unknown}
 r - a cursed ring of positive energy {unknown}
Wands
 l - a wand of random effects (8)
 u - a wand of iceblast (7)
 D - a wand of flame (16)
Scrolls
 h - 3 scrolls of amnesia
 k - 2 scrolls of magic mapping {unknown}
 o - a scroll of teleportation {unknown}
 t - 2 scrolls of remove curse {unknown}
 v - 3 scrolls of fear {unknown}
 y - 5 scrolls of identify {unknown}
 B - a scroll of enchant armour {unknown}
Potions
 p - 2 potions of degeneration {unknown}
 q - a potion of attraction {unknown}
 C - 2 potions of curing {unknown}


   Skills:
 + Level 2.3 Fighting
 + Level 3.8 Short Blades
 + Level 1.7 Throwing
 + Level 2.0 Armour
 + Level 2.1 Dodging
 + Level 8.4 Stealth


You had 5 spell levels left.
You didn't know any spells.
Your spell library contained the following spells:

 Spells                   Type           Power        Failure   Level
 Confusing Touch          Hex            0%           75%         3
 Gell's Gravitas          Tloc           0%           75%         3
 Petrify                  Tmut/Erth      0%           98%         4
 Metabolic Englaciation   Hex/Ice        0%           100%        5
 Yara's Violent Unravell  Hex/Tmut       0%           100%        5


Dungeon Overview and Level Annotations

Branches:
Dungeon (5/15)             Temple (1/1) D:4

Altars:
Ashenzari
Cheibriados
Dithmenos
Fedhas
Gozag
Kikubaaqudgha
Makhleb
Nemelex Xobeh
Okawaru
Qazlal
Ru
Sif Muna
Trog
Uskayaw
Vehumet
Wu Jian
Yredelemnul
The Shining One


Innate Abilities, Weirdness & Mutations

Your natural rate of healing is unusually fast.
You have razor-sharp teeth.
You have supernaturally acute eyesight. (SInv)
You can survive without breathing.


Message History

You feel sick.
The worker ant bites you but does no damage.
Keep bloodletting? [Y]es or [N]o only, please.
Keep bloodletting?
You begin bloodletting.
You continue bloodletting.
You feel sick. The worker ant barely misses you.
You continue bloodletting.
You feel sick. The worker ant bites you.
* * * LOW HITPOINT WARNING * * *
You are more poisoned.
The worker ant poisons you! The worker ant barely misses you.
You continue bloodletting.
* * * LOW HITPOINT WARNING * * *
You feel sick. The worker ant bites you.
* * * LOW HITPOINT WARNING * * *
You continue bloodletting.
* * * LOW HITPOINT WARNING * * *
You feel sick. The worker ant bites you.
You die...

#..#.# # #.##.# #.
######.##.# .. #.
#.........# ...##.#
#.........#
#......###.........#
.......$...........###
♣P.♣..♣.♣..(....♣♣...##
♣.PP
♣♣B@P.P.♣♣♣♣.P..####
♣♣♣....♣P♣..PP♣
♣.P♣♣...#
♣.♣♣.♣♣♣.♣♣♣♣[P.♣♣♣P♣..
.P ♣.$P ♣P..♣.P.♣♣♣
P♣..P..♣.♣...P♣PP.. ♣
.8...♣.♣......♣♣..P♣PP
.. .#... ..♣c. ..♣.♣..
... . ..P.....
♣.P.♣♣.♣.


You could see a worker ant.

Vanquished Creatures
  An orc wizard (D:3)
  A centaur skeleton (D:5)
  Ijyb (D:3)
  Terence (D:2)
  A worker ant (D:4)
  A hound skeleton (D:4)
  5 adders
  A river rat (D:5)
  An ooze (D:2)
  3 worms
  5 dart slugs
  3 leopard geckos
  7 orcs (D:3)
  6 ball pythons
  9 bats
  A giant cockroach (D:3)
  3 goblins
  11 hobgoblins
  3 quokkas
  7 frilled lizards
  6 kobolds
  6 rats
83 creatures vanquished.

Vanquished Creatures (others)
  4 plants (D:5)
4 creatures vanquished.

Grand Total: 87 creatures vanquished

Notes
Turn   | Place    | Note
-------+----------+-------------------------------------------
     0 | D:1      | Urokeeper the Vampire Brigand began the quest for the Orb.
     0 | D:1      | Reached XP level 1. HP: 16/16 MP: 1/1
    74 | D:1      | Reached skill level 6 in Stealth
   125 | D:1      | Reached XP level 2. HP: 14/22 MP: 2/2
   453 | D:1      | Reached skill level 7 in Stealth
   974 | D:2      | Reached XP level 3. HP: 27/27 MP: 3/3
  1253 | D:2      | Found a blossoming altar of Fedhas.
  1253 | D:2      | Noticed Terence
  1269 | D:2      | Killed Terence
  1270 | D:2      | Reached XP level 4. HP: 33/33 MP: 4/4
  1613 | D:3      | Found a bloodstained altar of Trog.
  1709 | D:3      | Reached skill level 1 in Armour
  1833 | D:3      | Reached skill level 8 in Stealth
  1833 | D:3      | Reached XP level 5. HP: 30/38 MP: 5/5
  1852 | D:3      | Noticed Ijyb
  1889 | D:3      | Killed Ijyb
  2646 | D:4      | Found a shimmering blue altar of Sif Muna.
  2777 | D:4      | Found an ancient bone altar of Kikubaaqudgha.
  3136 | D:4      | Found a staircase to the Ecumenical Temple.
  3235 | D:4      | Reached XP level 6. HP: 40/44 MP: 6/6
  3583 | Temple   | Entered the Ecumenical Temple
  3684 | Temple   | Became a worshipper of Dithmenos the Shadowed
  3742 | D:5      | Entered Level 5 of the Dungeon
  3812 | D:5      | HP: 2/44 [worker ant (4)]
  3813 | D:5      | Slain by a worker ant

Illustrated notes

Levels and vault maps discovered:
D:1:      dpeg_arrival_orchard, layout_basic, kennysheep_decorative_pillar,
          chequers_serial_rivers_micro_c, minmay_split_cup_small
D:2:      layout_rooms, lemuel_crystal_altar, uniq_terence
D:3:      layout_rooms, lemuel_round_altar, uniq_ijyb
D:4:      layout_loops_corners, kennysheep_mini, nicolae_overflow_hidden_temple,
          minmay_temple_entry_statues_fountains
D:5:      wad_woods_stonehenge, layout_rooms, serial_shops,
          nicolae_shop_temple_entry_statues_fountains
Temple:   eino_temple_lava

Skill      XL: |  1  2  3  4  5 |
---------------+----------------+-----
Stealth        | 6 7 8 |  8.4
Fighting       | 2 |  2.3
Short Blades   | 3 |  3.8
Armour         | 1 2 |  2.0
Dodging        | 2 |  2.1
Throwing       | |  1.7

Action                   |  1- 3 |  4- 6 || total
-------------------------+-------+-------++-------
Melee: Dagger            |    87 |   214 ||   301
       Bite              |    10 |    21 ||    31
Throw: Dart              |       |    11 ||    11
 Abil: Exsanguinate      |       |     1 ||     1
  Use: Scroll            |     1 |       ||     1
       Potion            |       |     3 ||     3
 Stab: Sleeping          |    11 |    10 ||    21
Armor: Leather armour    |    22 |    58 ||    80
Dodge: Dodged            |    44 |    98 ||   142
